 Dungeon Crawl Stone Soup version 0.23-a0-143-g1adec7b (webtiles) character file.

3411 mopl the Spear-Bearer (level 10, -8/73 HPs)
             Began as a Merfolk Abyssal Knight on Sept 5, 2018.
             Was an Elder of Lugonu.
             Mangled by an ice beast (9 damage)
             ... on level 8 of the Dungeon.
             The game lasted 00:12:12 (8411 turns).

mopl the Spear-Bearer (Merfolk Abyssal Knight)      Turns: 8411, Time: 00:12:13

Health: -8/73      AC:  8    Str: 18    XL:     10   Next: 4%
Magic:  16/16      EV: 14    Int: 11    God:    Lugonu [****..]
Gold:   417        SH:  0    Dex: 16    Spells: 9/9 levels left

rFire    . . .     SeeInvis .   v - +0 scythe
rCold    . . .     Gourm    .   (shield currently unavailable)
rNeg     . . .     Faith    .   o - +3 leather armour
rPois    .         Spirit   .   (no helmet)
rElec    .         Reflect  .   d - +0 cloak of the Sea {Slay+3}
rCorr    .         Harm     .   (no gloves)
MR       +....                  r - +0 pair of boots
Stlth    +.........             f - amulet of magic regeneration
HPRegen  0.22/turn              l - +4 ring of strength
MPRegen  0.40/turn              D - ring of protection from magic

@: no status effects
A: change form in water, swift swim, stealthy swim
a: Depart the Abyss, Bend Space, Banish, Corrupt, Renounce Religion


You were on level 8 of the Dungeon.
You worshipped Lugonu.
Lugonu was greatly pleased with you.
You were not hungry.

You visited 1 branch of the dungeon, and saw 8 of its levels.
You visited the Abyss 1 time.

You collected 417 gold pieces.

Inventory:

Hand Weapons
 a - a +0 trident
 s - the cursed +0 hand crossbow of the Four Wonders {velocity, rElec MR+, unknown}
   (You found it on level 4 of the Dungeon)

   Any bolt fired from it inflicts extra damage.
   It insulates you from electricity.
   It affects your resistance to hostile enchantments.
   It has a curse placed upon it.
 v - a +0 scythe (weapon)
Missiles
 x - 11 poisoned needles
 C - 2 throwing nets (quivered)
 G - 5 poisoned tomahawks
Armour
 d - the +0 cloak of the Sea (worn) {Slay+3}
   (You found it on level 2 of the Abyss)

   It affects your accuracy and damage with ranged weapons and melee attacks
   (+3).
 o - a +3 leather armour (worn)
 r - a +0 pair of boots (worn)
 B - a +0 plate armour
Jewellery
 f - an amulet of magic regeneration (around neck)
 l - a +4 ring of strength (left hand)
 D - a ring of protection from magic (right hand)
Wands
 y - a wand of polymorph (4)
Scrolls
 h - 2 scrolls of amnesia {unknown}
 i - a scroll of fog {unknown}
 k - 8 scrolls of remove curse
 n - 3 scrolls of teleportation {unknown}
 p - a scroll of immolation {unknown}
 t - 3 scrolls of fear {unknown}
 u - 2 scrolls of blinking {unknown}
 A - a scroll of silence {unknown}
 F - a scroll of magic mapping {unknown}
 H - a scroll of identify
 I - a scroll of random uselessness {unknown}
 J - a scroll of enchant armour {unknown}
Potions
 b - a potion of haste
 e - a potion of flight
 g - 3 potions of resistance {unknown}
 j - 2 potions of cancellation
 m - 2 potions of lignification {!q}
 q - 4 potions of mutation {!q}
 w - 2 potions of brilliance
 z - a potion of ambrosia
 E - a potion of heal wounds
Comestibles
 c - 17 rations
 K - a chunk of flesh


   Skills:
 + Level 4.7 Fighting
 * Level 14.5 Polearms
 + Level 2.5 Throwing
 - Level 0.6 Armour
 + Level 4.6 Dodging
 + Level 8.4 Invocations


You had 9 spell levels left.
You didn't know any spells.
Your spell library was empty.

Dungeon Overview and Level Annotations

Branches:
Dungeon (8/15)             Temple (0/1) D:4
   Lair: D:8-11

Altars:
Ashenzari
Cheibriados
Dithmenos
Gozag
Kikubaaqudgha
Okawaru
Qazlal
Ru
Trog
Uskayaw
Wu Jian
Xom
Zin
The Shining One

Shops:
D:6 =

Annotations:
D:3 3 runed doors, mopl's ghost, amateur FoMo


Message History

You hit the ice beast but do no damage.
The ice beast is moderately wounded.
The ice beast hits you but does no damage.
You barely miss the ice beast.
The ice beast is moderately wounded.
The ice beast hits you but does no damage.
You slash the ice beast!
The ice beast is severely wounded.
The ice beast hits you. The ice beast freezes you!
* * * LOW HITPOINT WARNING * * *
You closely miss the ice beast.
The ice beast is severely wounded.
The ice beast hits you.
* * * LOW HITPOINT WARNING * * *
The ice beast freezes you!
* * * LOW HITPOINT WARNING * * *
The ice beast hits you.
* * * LOW HITPOINT WARNING * * *
The ice beast freezes you!
You die...

#......# .............#.....+.
..
#......###......#######.....#.
...#...........#...##
#......#.
...########...###...#
####'###. ....................
#......#. ............#.).).#
##......'. ...........##.._..#
....#.....#.
............#.).).#.....
+.....##
................@Y......
#......)
..............###.?.....
#.....). ...........#...#
..#.... #.......
...........##...........
###+####
...........########### #
...........# ###........#
#........# ##########


You could see an ice beast.

Vanquished Creatures
  Pikel (D:5)
  Sigmund (D:5)
  A hungry ghost (D:7)
  Edmund (D:5)
  2 phantoms (D:8)
  4 slaves
  4 orc warriors
  4 ogres
  2 centaurs (D:8)
  A big kobold (D:4)
  5 bullfrogs
  2 scorpions
  A howler monkey (D:8)
  3 crimson imps
  6 hounds
  6 orc wizards
  Crazy Yiuf (D:5)
  6 orc priests
  An iguana (D:7)
  3 worker ants
  A howler monkey skeleton (D:6)
  15 adders
  An ooze (D:4)
  2 adder zombies
  4 worms
  3 dart slugs (D:1)
  3 leopard geckos
  28 orcs
  7 giant cockroaches
  7 goblins
  6 hobgoblins
  8 jackals
  A kobold (D:2)
  6 bats
  5 frilled lizards
  A leopard gecko zombie (D:5)
  4 rats
  2 fungi (D:5)
159 creatures vanquished.

Vanquished Creatures (others)
  An orc wizard (D:4)
1 creature vanquished.

Grand Total: 160 creatures vanquished

Notes
Turn   | Place    | Note
-------+----------+-------------------------------------------
     0 | Abyss:1  | mopl the Merfolk Abyssal Knight began the quest for the
                  | Orb.
     0 | Abyss:1  | Reached XP level 1. HP: 18/18 MP: 2/2
    51 | Abyss:1  | Noticed an ancient zyme
    84 | Abyss:2  | Got a slimy cloak
    90 | Abyss:2  | Identified the cursed +0 cloak of the Sea {Slay+3} (You
                  | found it on level 2 of the Abyss)
   121 | Abyss:2  | Noticed a great orb of eyes
   122 | D:1      | Escaped the Abyss
   135 | D:1      | Reached * piety under Lugonu
   238 | D:1      | Reached XP level 2. HP: 24/24 MP: 3/3
   250 | D:1      | Reached skill level 4 in Polearms
   556 | D:2      | Reached XP level 3. HP: 27/29 MP: 4/4
   590 | D:2      | Found a bloodstained altar of Trog.
   597 | D:2      | Found a sacrificial altar of Ru.
   611 | D:2      | Reached skill level 5 in Polearms
   916 | D:2      | Reached skill level 3 in Invocations
   916 | D:2      | Reached XP level 4. HP: 22/35 MP: 6/6
  1239 | D:2      | Found an ancient bone altar of Kikubaaqudgha.
  1239 | D:2      | Found a shadowy altar of Dithmenos.
  1239 | D:2      | Found a glowing silver altar of Zin.
  1239 | D:2      | Found a snail-covered altar of Cheibriados.
  1253 | D:2      | Found a stormy altar of Qazlal.
  1257 | D:2      | Found a hide-covered altar of Uskayaw.
  1396 | D:2      | Found a glowing golden altar of the Shining One.
  1683 | D:3      | Reached ** piety under Lugonu
  1750 | D:3      | Found a runed gate.
  1750 | D:3      | Found a runed gate.
  1750 | D:3      | Found an opulent altar of Gozag.
  1750 | D:3      | Found a runed gate.
  1751 | D:3      | Noticed mopl's ghost (amateur FoMo)
  1771 | D:3      | Reached skill level 6 in Polearms
  1806 | D:3      | Reached XP level 5. HP: 40/41 MP: 7/7
  1894 | D:3      | Found a shimmering altar of Xom.
  2230 | D:4      | Noticed a big kobold
  2249 | D:4      | Killed a big kobold
  2249 | D:4      | Reached skill level 7 in Polearms
  2249 | D:4      | Reached skill level 4 in Invocations
  2249 | D:4      | Reached XP level 6. HP: 36/47 MP: 7/9
  2396 | D:4      | Found a staircase to the Ecumenical Temple.
  2489 | D:4      | Reached skill level 8 in Polearms
  2543 | D:4      | Got a transparent hand crossbow
  2763 | D:3      | Reached XP level 7. HP: 29/52 MP: 10/10
  3174 | D:4      | Reached skill level 9 in Polearms
  3174 | D:4      | Reached skill level 5 in Invocations
  3700 | D:5      | Entered Level 5 of the Dungeon
  3736 | D:5      | Noticed Pikel
  3837 | D:5      | Noticed Edmund
  3857 | D:5      | Killed Edmund
  3857 | D:5      | Reached skill level 10 in Polearms
  4263 | D:5      | Noticed Sigmund
  4276 | D:5      | Killed Sigmund
  4276 | D:5      | Reached *** piety under Lugonu
  4276 | D:5      | Reached XP level 8. HP: 34/58 MP: 12/12
  4731 | D:5      | Killed Pikel
  4731 | D:5      | Reached skill level 12 in Polearms
  4731 | D:5      | Reached skill level 6 in Invocations
  5129 | D:5      | Found a shattered altar of Ashenzari.
  5486 | D:5      | Found a runed door.
  5490 | D:5      | Noticed Crazy Yiuf
  5494 | D:5      | Killed Crazy Yiuf
  5494 | D:5      | Reached skill level 7 in Invocations
  5666 | D:6      | Found Zicroup's Jewellery Boutique.
  5887 | D:6      | Reached XP level 9. HP: 64/64 MP: 14/14
  5928 | D:6      | Found an ornate altar of the Wu Jian Council.
  6036 | D:6      | Reached skill level 13 in Polearms
  7165 | D:7      | Reached skill level 3 in Dodging
  7245 | D:7      | Reached skill level 1 in Throwing
  7453 | D:8      | Reached skill level 8 in Invocations
  7555 | D:8      | Reached skill level 4 in Fighting
  7561 | D:8      | Reached skill level 14 in Polearms
  8046 | D:8      | Reached skill level 4 in Dodging
  8178 | D:8      | Reached skill level 2 in Throwing
  8319 | D:8      | Reached **** piety under Lugonu
  8355 | D:8      | Reached XP level 10. HP: 73/73 MP: 16/16
  8377 | D:8      | Found an iron altar of Okawaru.
  8411 | D:8      | HP: 1/73 [ice beast (4)]
  8411 | D:8      | Mangled by an ice beast

Vault maps used:
D:1:      dpeg_arrival_windows_large_door
D:2:      tso_altar, minmay_overflow_temple_hex, grunt_temple_overflow_open
D:3:      nicolae_overflow_crystal_walls, ebering_ghost_gozag
D:4:      minmay_temple_entry_fiery
D:5:      evilmike_ruin_ashenzari, first_ration, sigmund_army,
          uniq_crazy_yiuf_cottage, uniq_edmund, uniq_pikel
D:6:      overflow_temple_1_default, serial_shops, nicolae_shop_trees
D:7:      grunt_ogre_cave
D:8:      okawaru_ov_weapons_minmay, lair_entry_dummy
Abyss:2:  guppyfry_abyss_exit_glass_guarded

Skill      XL: |  1  2  3  4  5  6  7  8  9 |
---------------+----------------------------+-----
Polearms       | 4 5 6 7 8 10 12 14 | 14.5
Invocations    | 3 4 5 7 8 |  8.4
Dodging        | 4 |  4.6
Throwing       | 2 |  2.5
Fighting       | 4 |  4.7
Armour         | |  0.6

Action                   |  1- 3 |  4- 6 |  7- 9 | 10-12 || total
-------------------------+-------+-------+-------+-------++-------
Melee: Spear             |    75 |   191 |     8 |       ||   274
       Trident           |       |       |   108 |       ||   108
       Scythe            |       |       |   247 |    13 ||   260
Invok: Depart the Abyss  |     1 |       |       |       ||     1
  Use: Scroll            |       |     7 |     3 |       ||    10
 Stab: Sleeping          |     1 |     3 |     1 |       ||     5
  Eat: Chunk             |       |     6 |    16 |     1 ||    23
       Ration            |       |       |     1 |       ||     1
Armor: Leather armour    |    11 |    29 |    96 |     5 ||   141
       Scale mail        |       |    16 |       |       ||    16
Dodge: Dodged            |    41 |    64 |   193 |     3 ||   301

Table legend:
 A = Non-vault XP
 B = Vault XP
 C = Vault XP percentage of total XP
 D = Non-vault monster count
 E = Vault monster count
 F = Vault count percentage of total count
                 A         B        C        D         E       F
            +---------+---------+-------+---------+---------+-------
      Total |    3714 |    1159 |  23.8 |     148 |       6 |   3.9
            +---------+---------+-------+---------+---------+-------
        D:1 |      31 |       0 |   0.0 |      15 |       0 |   0.0
        D:2 |      79 |       0 |   0.0 |      19 |       0 |   0.0
        D:3 |     156 |       0 |   0.0 |      27 |       0 |   0.0
        D:4 |     530 |       0 |   0.0 |      20 |       0 |   0.0
        D:5 |     341 |    1034 |  75.2 |      14 |       5 |  26.3
        D:6 |     767 |       0 |   0.0 |      22 |       0 |   0.0
        D:7 |     431 |     125 |  22.5 |       6 |       1 |  14.3
        D:8 |    1379 |       0 |   0.0 |      25 |       0 |   0.0
            +---------+---------+-------+---------+---------+-------
